[Event "*** Titled Tuesday Blitz"]
[Site "Chess.com"]
[Date "2019.06.04"]
[Round "3"]
[White "ruvat"]
[Black "vinniethepooh"]
[Result "1-0"]
[WhiteElo "2368"]
[BlackElo "2583"]
[TimeControl "180+2"]
[EndTime "13:34:41 PDT"]
[Termination "ruvat won by resignation"]

1. d4 d5 2. c4 c6 3. Nf3 Nf6 4. Qc2 dxc4 5. Qxc4 Bf5 6. g3 e6 7. Bg2 Be7 8. O-O O-O 9. Qb3 h6 10. Qxb7 Be4 11. Nc3 Bd5 12. Qxa8 Qb6 13. Ne5 Nbd7 14.
Nxd5 cxd5 15. Qc6 Qd8 16. Nxd7 Nxd7 17. Bf4 Nb6 18. Bc7 Qc8 19. Rfc1 Nc4 20. b3 1-0

[Event "*** Titled Tuesday Blitz"]
[Site "Chess.com"]
[Date "2019.06.04"]
[Round "3"]
[White "PaulfromSPb"]
[Black "Hikaru"]
[Result "0-1"]
[WhiteElo "2662"]
[BlackElo "3199"]
[TimeControl "180+2"]
[EndTime "13:34:42 PDT"]
[Termination "Hikaru won by resignation"]

1. d4 b6 2. Bf4 Bb7 3. e3 e6 4.
Nf3 Nf6 5. h3 d6 6. Bh2 Nbd7 7.
Nbd2 g6 8. c3 Bg7 9. a4 O-O 10.
a5 Qe7 11. a6 Bc6 12. c4 Rad8 13. Be2 Ne4 14. O-O f5 15. Rc1 Ndf6 16. Nxe4 Bxe4 17. Nd2 Ba8 18. Qb3 c5 19. Rfe1 g5 20. Qd1 Bc6 21. Nb1 e5 22. Nc3 f4 23. d5 Bd7 24.
Bd3 f3 25. Qxf3 g4 26. Qg3 Nh5 27. Qxg4 Bxg4 28. hxg4 e4 29. Nxe4 Nf6 30. Ng5 Nxg4 31. Bf4 Bh6 32. Ne6 Bxf4 33. Nxf4 Qh4 34. Rc2 Rxf4 35. exf4 Qh2+ 36. Kf1 Qh1+ 37. Ke2 Re8+ 38. Kf3 Nh2+ 39. Kg3 Rxe1 0-1

[Event "*** Titled Tuesday Blitz"]
[Site "Chess.com"]
[Date "2019.06.04"]
[Round "3"]
[White "champ2005"]
[Black "2nd_life"]
[Result "1-0"]
[WhiteElo "2827"]
[BlackElo "2549"]
[TimeControl "180+2"]
[EndTime "13:34:43 PDT"]
[Termination "champ2005 won by resignation"]

1. d4 Nf6 2. c4 e6 3. g3 c5 4. d5 exd5 5. cxd5 d6 6. Nc3 g6 7. Bg2 Bg7 8. Nf3 O-O 9. O-O Re8 10.
Bf4 Ne4 11. Nxe4 Rxe4 12. Nd2 Rxf4 13. gxf4 Bxb2 14. Rb1 Bg7 15. Qb3 b6 16. Rfe1 f5 17. Nc4 Ba6 18. a4 Qf8 19. e4 fxe4 20. Rxe4 Nd7 21.
Rbe1 Bxc4 22. Qxc4 Qf5 23. Qd3 Nf6 24. Bh3 Qh5 25. Re6 Qxd5 26. Qxd5 Nxd5 27. Bg2 Nxf4 28. Bxa8 Nxe6 29. Rxe6 Be5 30. Re7 a6 31. Bd5+ Kh8 32.
Rb7 1-0

[Event "*** Titled Tuesday Blitz"]
[Site "Chess.com"]
[Date "2019.06.04"]
[Round "3"]
[White "Zhuu96"]
[Black "26andrej26"]
[Result "1-0"]
[WhiteElo "2943"]
[BlackElo "2519"]
[TimeControl "180+2"]
[EndTime "13:34:47 PDT"]
[Termination "Zhuu96 won by resignation"]

1. d4 Nf6 2. c4 g6 3. Nc3 Bg7 4. e4 d6 5. Nf3 O-O 6. Be2 e5 7. O-O Nc6 8. d5 Ne7 9. b4 a5 10. Ba3 axb4 11. Bxb4 b6 12. a4 Re8 13. a5 c5 14. dxc6 Nxc6 15. Bxd6 Nxa5 16. Bxe5 Qxd1 17. Rfxd1 Nxe4 18. Bxg7 Kxg7 19. Nd5 Rb8 20. Rdb1 Nd6 21. Ne3 Bf5 22. Rb2 Rec8 23. Ra4 Be6 24. Nd2 f5 25. g3 Rc6 26. Rxa5 1-0

[Event "*** Titled Tuesday Blitz"]
[Site "Chess.com"]
[Date "2019.06.04"]
[Round "3"]
[White "belisarius64"]
[Black "vlad10898"]
[Result "0-1"]
[WhiteElo "2658"]
[BlackElo "2640"]
[TimeControl "180+2"]
[EndTime "13:34:49 PDT"]
[Termination "vlad10898 won by resignation"]

1. e4 c5 2. Nf3 d6 3. Bb5+ Nd7 4.
O-O a6 5. Bxd7+ Bxd7 6. d4 cxd4 7. Nxd4 Nf6 8. Nc3 e6 9. a4 Be7 10. Bg5 O-O 11. Nb3 Bc6 12. Qe2 Nxe4 13. Nxe4 Bxg5 14.
Rad1 Be7 15. c4 Bxa4 16. Rd3 b5 17. c5 Bxb3 18. Rxb3 dxc5 19. Rg3 Qd4 20. Rd1 Qe5 21. f4 Qxf4 22. Rd7 Bf6 23. Rg4 Qc1+ 24. Rd1 Bd4+ 25.
Kh1 Qxb2 26. Qf3 f5 0-1

[Event "*** Titled Tuesday Blitz"]
[Site "Chess.com"]
[Date "2019.06.04"]
[Round "3"]
[White "GremioPrudente"]
[Black "Satscho"]
[Result "1/2-1/2"]
[WhiteElo "2119"]
[BlackElo "2246"]
[TimeControl "180+2"]
[EndTime "13:34:49 PDT"]
[Termination "Game drawn by agreement"]

1. Nf3 Nf6 2. c4 g6 3. Nc3 Bg7 4. d4 O-O 5. g3 d6 6. Bg2 Nc6 7. O-O a6 8. b3 Rb8 9. Bb2 b5 10. cxb5 axb5 11. d5 Na5 12. a3 c5 13.
dxc6 Nxc6 14. Rc1 b4 15. Nd5 Nxd5 16. Bxg7 Kxg7 17. Qxd5 Na5 18. axb4 Rxb4 19. Rxc8 Qxc8 20. Qxa5 Rxb3 21. Nd4 Rc3 22. Qa1 Kg8 23. Rb1 Qc5 24. e3 Rc8 25. Bf3 e5 26. Nb3 Qc4 27. Nd2 Qc7 28. Ne4 Rc1+ 29. Rxc1 Qxc1+ 30. Qxc1 Rxc1+ 31. Kg2 d5 32. Nf6+ Kg7 33. Nxd5 Ra1 34. e4 Ra3 35. h4 Ra2 36. Ne3 Ra3 37. Ng4 f6 38. Ne3 Ra2 39. Nd5 Ra3 40. Ne3 Ra2 1/2-1/2

[Event "*** Titled Tuesday Blitz"]
[Site "Chess.com"]
[Date "2019.06.04"]
[Round "3"]
[White "attack2mateU"]
[Black "severomorskij"]
[Result "0-1"]
[WhiteElo "2708"]
[BlackElo "2782"]
[TimeControl "180+2"]
[EndTime "13:34:52 PDT"]
[Termination "severomorskij won by resignation"]

1. e4 c5 2. Nf3 Nc6 3. d4 cxd4 4. Nxd4 Nf6 5. Nc3 e5 6. Ndb5 d6 7. Bg5 a6 8. Na3 b5 9. Nd5 Be7 10. Bxf6 Bxf6 11. c3 O-O 12. Nc2 Bg5 13. a4 bxa4 14.
Rxa4 a5 15. Bc4 Kh8 16. b3 f5 17. exf5 Bxf5 18. O-O e4 19. Nd4 Nxd4 20. Qxd4 Bg6 21. Rfa1 h6 22. b4 e3 23. fxe3 Re8 24. Bd3 Bf7 25. Nf4 Bf6 26. Qe4 Rxe4 27. Bxe4 d5 28.
Bd3 Bxc3 29. Rxa5 Bxa1 0-1

[Event "*** Titled Tuesday Blitz"]
[Site "Chess.com"]
[Date "2019.06.04"]
[Round "3"]
[White "LuisFSiles"]
[Black "pedroholly22"]
[Result "0-1"]
[WhiteElo "2163"]
[BlackElo "2291"]
[TimeControl "180+2"]
[EndTime "13:34:53 PDT"]
[Termination "pedroholly22 won by resignation"]

1. d4 Nf6 2. c4 g6 3. Nc3 Bg7 4.
e4 d6 5. Nf3 O-O 6. Be2 e5 7. O-O Nc6 8. d5 Ne7 9. b4 Nh5 10. Re1 f5 11. Ng5 Nf4 12. Bf3 h6 13. Ne6 Nxe6 14. dxe6 f4 15. Bg4 Rf6 16. Nd5 Rxe6 17.
Bxe6+ Bxe6 18. Bb2 c6 19. Nxe7+ Qxe7 20. Qe2 Rf8 21.
f3 g5 22. b5 h5 23. Ba3 c5 24.
Rac1 g4 25. Rc3 a6 26. bxa6 bxa6 27. Rb1 Qg5 28. Rb6 gxf3 29. Qxf3 Bg4 30. Qf2 f3 31. Bc1 Qd8 32. Rcb3 fxg2 33. Qxg2 Qh4 34. Bd2 Bh6 35. Qg3 Qf6 36. h3 Qf1+ 37. Kh2 Rf2+ 0-1

[Event "*** Titled Tuesday Blitz"]
[Site "Chess.com"]
[Date "2019.06.04"]
[Round "3"]
[White "aa175"]
[Black "Cruel_Yaro"]
[Result "0-1"]
[WhiteElo "1997"]
[BlackElo "2798"]
[TimeControl "180+2"]
[EndTime "13:34:53 PDT"]
[Termination "Cruel_Yaro won by resignation"]

1. d4 Nf6 2. Nf3 g6 3. Bf4 Bg7 4. e3 O-O 5. c4 b6 6. Nc3 Bb7 7. Be2 d6 8. O-O Nbd7 9. Qc2 e6 10. Rfd1 Qe7 11. h3 a6 12. Bh2 Rac8 13. b4 Rfd8 14. a3 c5 15. bxc5 dxc5 16. d5 exd5 17. cxd5 b5 18. Rab1 c4 19. d6 Qe8 20. a4 Ne4 21. Nd4 Nxc3 22. Qxc3 Nc5 23. axb5 axb5 24. Qb4 Bxd4 25. Rxd4 Nb3 26. Rh4 Be4 27. Rd1 Bc2 28. Re1 Qe6 29. Qxb5 c3 30. Bc4 Qf5 31. Qxf5 gxf5 32. Be5 Nd2 33. Bd5 Be4 34. Bxe4 Nxe4 35. f3 Nxd6 36. Rh6 c2 37. Rc1 Nc4 38. Bd4 Rxd4 39. e4 Rd1+ 0-1

[Event "*** Titled Tuesday Blitz"]
[Site "Chess.com"]
[Date "2019.06.04"]
[Round "3"]
[White "PenguinPacks"]
[Black "Orest_Vovk"]
[Result "0-1"]
[WhiteElo "2172"]
[BlackElo "2328"]
[TimeControl "180+2"]
[EndTime "13:34:55 PDT"]
[Termination "Orest_Vovk won by resignation"]

1. Nf3 Nf6 2. g3 g6 3. Bg2 Bg7 4. O-O O-O 5. Re1 c5 6. e4 d6 7. c3 Nc6 8. d4 cxd4 9. cxd4 Bg4 10. h3 Bxf3 11. Bxf3 Qb6 12. d5 Ne5 13. Bg2 Rac8 14.
Nc3 Nc4 15. Qb3 Nd7 16. Na4 Qxb3 17. axb3 Na5 18. Ra3 Rc2 19. Bf1 Rfc8 20. Nc3 b6 21. Bd3 R8xc3 22. bxc3 Rxc3 23. Bb5 Nc5 24. Bb2 Rxb3 25.
Rxb3 Naxb3 26. Bxg7 Kxg7 27. e5 a5 28. exd6 exd6 29. Re8 Nd4 30. Bf1 a4 31. Ra8 b5 32.
Bxb5 Nxb5 33. Ra5 Nc3 34. Ra8 Nxd5 35. Rd8 Nb4 36. Rb8 a3 0-1

[Event "*** Titled Tuesday Blitz"]
[Site "Chess.com"]
[Date "2019.06.04"]
[Round "3"]
[White "riconaipe"]
[Black "Bryakin_Mikhail"]
[Result "0-1"]
[WhiteElo "2570"]
[BlackElo "2721"]
[TimeControl "180+2"]
[EndTime "13:34:57 PDT"]
[Termination "Bryakin_Mikhail won by checkmate"]

1. d4 d5 2. c4 c6 3. Nf3 Nf6 4.
e3 Bf5 5. Nc3 e6 6. Be2 Nbd7 7.
O-O h6 8. Ne5 Bd6 9. f4 O-O 10.
b3 a5 11. a4 Bb4 12. Bd2 Qe7 13. cxd5 exd5 14. g4 Bh7 15. Bf3 Bxc3 16. Bxc3 Ne4 17. Qe1 Nxc3 18. Qxc3 f6 19. Nxd7 Qxd7 20. f5 Rfe8 21.
Rae1 Kh8 22. e4 dxe4 23. Rxe4 Rxe4 24. Bxe4 Bg8 25. Re1 Bd5 26. Bxd5 Qxd5 27. Re7 Rd8 28. Rxb7 Qe4 29. h3 Rxd4 30. Kf2 Qf4+ 31. Ke2 Re4+ 32. Kd1 Qf1+ 33. Kc2 Re2+ 34. Kd3 Qf3+ 35. Kd4 Qd5# 0-1

[Event "*** Titled Tuesday Blitz"]
[Site "Chess.com"]
[Date "2019.06.04"]
[Round "3"]
[White "benhal"]
[Black "PowerThinking2650"]
[Result "1-0"]
[WhiteElo "2400"]
[BlackElo "2363"]
[TimeControl "180+2"]
[EndTime "13:34:59 PDT"]
[Termination "benhal won by resignation"]

1. c4 Nf6 2. g3 g6 3. Bg2 Bg7 4.
Nc3 O-O 5. Nf3 d6 6. O-O e5 7. Rb1 a5 8. a3 Nc6 9. b4 axb4 10. axb4 Bf5 11. d3 Qd7 12. b5 Nd8 13. Bg5 h6 14. Bxf6 Bxf6 15. Qd2 Bg7 16. Nd5 Be6 17. Rfc1 f5 18. e3 g5 19. d4 e4 20. Ne1 Rc8 21. Nc2 Qf7 22. Ncb4 h5 23. b6 c6 24.
Nc7 Bxc4 25. Rxc4 Qxc4 26. Bf1 Qf7 27. Qc2 Ne6 28. Bc4 d5 29. Nbxd5 cxd5 30. Bxd5 Kh8 31. Qa2 Rxc7 32. bxc7 Qxc7 33. Bxe6 f4 34. Qd5 fxg3 35. hxg3 Rxf2 36. Qxg5 Qc2 37. Qxh5+ 1-0

[Event "*** Titled Tuesday Blitz"]
[Site "Chess.com"]
[Date "2019.06.04"]
[Round "3"]
[White "wonderfultime"]
[Black "csati17"]
[Result "1-0"]
[WhiteElo "3015"]
[BlackElo "2508"]
[TimeControl "180+2"]
[EndTime "13:35:02 PDT"]
[Termination "wonderfultime won by resignation"]

1. Nf3 d5 2. c4 e6 3. e3 Nf6 4. Nc3 b6 5. b3 Bb7 6. Bb2 Be7 7. Qc2 O-O 8. Be2 c5 9. cxd5 exd5 10. d4 Nc6 11.
dxc5 bxc5 12. Rd1 Qa5 13. O-O d4 14. exd4 cxd4 15. Nxd4 Nxd4 16. Rxd4 Qg5 17. g3 Bc5 18. Rh4 Rad8 19. Bc4 Rd2 20. Qc1 Rfd8 21. Ba3 Bxf2+ 22. Rxf2 Qe3 23. Qf1 Qf3 1-0

[Event "*** Titled Tuesday Blitz"]
[Site "Chess.com"]
[Date "2019.06.04"]
[Round "3"]
[White "Slovak_fighter2000"]
[Black "GMKrikor"]
[Result "1/2-1/2"]
[WhiteElo "2492"]
[BlackElo "2713"]
[TimeControl "180+2"]
[EndTime "13:35:04 PDT"]
[Termination "Game drawn by agreement"]

1. d4 Nf6 2. Nf3 g6 3. c4 Bg7 4.
Nc3 d5 5. Bg5 dxc4 6. e3 c5 7.
dxc5 Qa5 8. Bxc4 Ne4 9. O-O Nxg5 10. Nxg5 O-O 11. Nge4 Na6 12. a3 Bxc3 13. Nxc3 Qxc5 14. Bxa6 bxa6 15. Qd5 Qxd5 16. Nxd5 Bb7 17. Rfd1 Bxd5 18.
Rxd5 Rfd8 19. Rad1 Rxd5 20. Rxd5 Rc8 21. g3 e6 22. Rd7 Rc2 23. Rxa7 Rxb2 24. Rxa6 h5 25. h4 Kg7 26. Kg2 Ra2 27. Kf3 Kf6 28. Ra5 e5 29. e4 Ke6 30. Ra6+ Ke7 31. Ke3 f6 32. f4 exf4+ 33. Kxf4 Rf2+ 34. Ke3 Rg2 35. Kf3 Ra2 36. g4 hxg4+ 37. Kxg4 Re2 38. Kf4 Rh2 39. Kg3 Re2 40. Kf3 Rh2 41. Kg3 Re2 1/2-1/2

[Event "*** Titled Tuesday Blitz"]
[Site "Chess.com"]
[Date "2019.06.04"]
[Round "3"]
[White "adriangschnitzer"]
[Black "jk13"]
[Result "1-0"]
[WhiteElo "2479"]
[BlackElo "2537"]
[TimeControl "180+2"]
[EndTime "13:35:06 PDT"]
[Termination "adriangschnitzer won by resignation"]

1. c4 e6 2. Nc3 Bb4 3. Qb3 Bxc3 4. Qxc3 Nf6 5. d3 O-O 6. Nf3 d6 7. g3 b6 8. Bg2 Bb7 9. O-O e5 10. b4 a5 11. a3 Nbd7 12. Bb2 Re8 13. e4 c5 14. b5 Nf8 15. Nh4 Ne6 16. Qd2 Nd4 17. Bxd4 cxd4 18. Nf5 Bc8 19. f4 Bxf5 20. exf5 Ra7 21. Bc6 Rf8 22. Qe2 Re7 23. Qf3 Kh8 24. g4 Nd7 25. g5 Nc5 26. Qh3 exf4 27. Rxf4 Re3 28. Qh5 h6 29. f6 Rg8 30. Rh4 Kh7 31. Qxh6+ 1-0

[Event "*** Titled Tuesday Blitz"]
[Site "Chess.com"]
[Date "2019.06.04"]
[Round "3"]
[White "Sebastian"]
[Black "1g41-0"]
[Result "1-0"]
[WhiteElo "2880"]
[BlackElo "2503"]
[TimeControl "180+2"]
[EndTime "13:35:06 PDT"]
[Termination "Sebastian won by resignation"]

1. e4 c5 2. Nf3 d6 3. d4 cxd4 4. Nxd4 Nf6 5. Nc3 a6 6. Be3 e5 7. Nb3 Be7 8. Qd2 O-O 9. f3 Be6 10. O-O-O a5 11. a4 Nc6 12. g4 Nb4 13. Kb1 Rc8 14. g5 Nh5 15. Rg1 g6 16. Bb5 d5 17.
exd5 Bf5 18. Na1 Bc5 19. d6 Nf4 20. Ne4 Bxe4 21. fxe4 Bxe3 22. Qxe3 Na6 23. Nb3 Ne6 24. c3 Nac5 25. Nxc5 Nxc5 26. d7 Rc7 27. Rd5 Qe7 28.
Rgd1 Rd8 29. h4 b6 30. Qg3 Nxe4 31. Qxe5 Qxe5 32. Rxe5 1-0

[Event "*** Titled Tuesday Blitz"]
[Site "Chess.com"]
[Date "2019.06.04"]
[Round "3"]
[White "TonRicher"]
[Black "pedromartinez91"]
[Result "0-1"]
[WhiteElo "2354"]
[BlackElo "2420"]
[TimeControl "180+2"]
[EndTime "13:35:07 PDT"]
[Termination "pedromartinez91 won by resignation"]

1. d4 Nf6 2. c4 e6 3. Nf3 c5 4. d5 exd5 5. cxd5 Bd6 6. Nc3 O-O 7. Nd2 Bc7 8. Nc4 d6 9. Bg5 Re8 10. e3 a6 11. a4 Bf5 12. Qf3 Bg6 13. Bxf6 Qxf6 14.
Qxf6 gxf6 15. Kd2 Nd7 16. f4 Nb6 17. a5 Nxc4+ 18. Bxc4 Be4 19. Rhg1 f5 20. g4 fxg4 21.
Rxg4+ Kh8 22. Rg5 Bg6 23. h4 Bd8 24. Rgg1 Bxh4 25. Rgf1 Bf5 26. Rh1 Bf6 27. Bd3 Bxd3 28.
Kxd3 Rg8 29. Ne4 Be7 30. Rh2 f5 31. Nd2 Bd8 32. Nc4 Bc7 33. Rah1 Rg7 34. Rh5 Rf8 35.
b3 Kg8 36. R1h2 Rf6 37. Rh1 Bd8 38. R1h2 Be7 39. Rh1 Bf8 40. R1h2 Rgf7 41. Rg5+ Rg6 42. Rgh5 h6 43. Nd2 Rg3 44. R2h3 Rxh3 45. Rxh3 Kh7 46.
Nf3 Be7 47. Rh5 Kg6 48. Rh3 Bd8 49. Rg3+ Kh7 50. Nh4 Bxh4 0-1

[Event "*** Titled Tuesday Blitz"]
[Site "Chess.com"]
[Date "2019.06.04"]
[Round "3"]
[White "Muracle"]
[Black "ChainsOfFantasia"]
[Result "1-0"]
[WhiteElo "2544"]
[BlackElo "2510"]
[TimeControl "180+2"]
[EndTime "13:35:11 PDT"]
[Termination "Muracle won by checkmate"]

1. Nf3 Nf6 2. g3 e6 3. Bg2 d5 4.
O-O Be7 5. d4 O-O 6. c4 dxc4 7. Ne5 c5 8. dxc5 Qc7 9. Nxc4 Rd8 10. Qb3 Nc6 11. Bf4 e5 12. Be3 Ng4 13. Nd6 Bxd6 14.
cxd6 Qxd6 15. Bg5 Re8 16. Nc3 h6 17. Rad1 Qb4 18. Bc1 Qxb3 19. axb3 Be6 20. Nb5 Red8 21. Nc7 Bxb3 22. Rd2 Rxd2 23. Bxd2 Rd8 24. Bc3 a6 25. h3 Nf6 26. Nxa6 Bc4 27. Nc5 Bxe2 28. Re1 Bc4 29. Nxb7 Rc8 30. Nd6 Rd8 31. Nxc4 e4 32. Bxf6 gxf6 33. Bxe4 Nb4 34. Ne3 Rd2 35. b3 Rb2 36.
Rb1 Ra2 37. Nd5 Nc6 38. Nxf6+ Kg7 39. Nh5+ Kh8 40. Bxc6 f6 41. Rd1 f5 42. Be8 f4 43.
Bg6 Ra8 44. Rd7 Ra1+ 45. Kg2 f3+ 46. Kxf3 Ra8 47. Rh7+ Kg8 48. Nf6+ Kf8 49. Rf7# 1-0

[Event "*** Titled Tuesday Blitz"]
[Site "Chess.com"]
[Date "2019.06.04"]
[Round "3"]
[White "xamax2000"]
[Black "FairChess_on_YouTube"]
[Result "1/2-1/2"]
[WhiteElo "2666"]
[BlackElo "3061"]
[TimeControl "180+2"]
[EndTime "13:35:18 PDT"]
[Termination "Game drawn by repetition"]

1. e4 c5 2. Nf3 e6 3. d4 cxd4 4. Nxd4 Nc6 5. Nc3 a6 6. Nxc6 bxc6 7. Bd3 d5 8. Qf3 Nf6 9. Qg3 Nh5 10. Qf3 Nf6 11. e5 Nd7 12. Qg3 Nc5 13. O-O Nxd3 14.
cxd3 c5 15. b3 Bb7 16. Bd2 h5 17. h3 h4 18. Qg4 g6 19. Bg5 Be7 20. Bxe7 Qxe7 21. Rac1 Rc8 22. Rc2 Rh5 23. f4 Rf5 24. Rfc1 g5 25. Rf1 c4 26. bxc4 dxc4 27. d4 Rd8 28.
fxg5 Rxg5 29. Qf4 Rf5 30. Qg4 Rg5 31. Qf4 Rf5 32. Qg4 Rg5 1/2-1/2

[Event "*** Titled Tuesday Blitz"]
[Site "Chess.com"]
[Date "2019.06.04"]
[Round "3"]
[White "ENEASZ"]
[Black "TST2014"]
[Result "0-1"]
[WhiteElo "2509"]
[BlackElo "2559"]
[TimeControl "180+2"]
[EndTime "13:35:18 PDT"]
[Termination "TST2014 won by resignation"]

1. e4 c5 2. c3 Nf6 3. e5 Nd5 4. d4 cxd4 5. cxd4 Nc6 6. Bc4 Nb6 7. Bb3 d5 8. exd6 Qxd6 9. Nf3 Be6 10. O-O Bxb3 11.
Qxb3 e6 12. Nc3 Be7 13. Nb5 Qb8 14. Bg5 O-O 15. Bxe7 Nxe7 16. Ne5 Nf5 17. Rfd1 Nxd4 18. Rxd4 Qxe5 19. Rad1 Nd5 20. Nc3 Nf6 21. h3 b6 22. a4 Rac8 23. g3 h6 24. Kg2 Qc5 25. Qb5 Qc6+ 26. Kg1 Qc7 27. Qa6 Qe7 28. Nb5 Ra8 29.
a5 Nd5 30. Nc3 Nb4 31. Qb5 bxa5 32. Qxa5 Nc6 33. Rd7 Qxd7 0-1

[Event "*** Titled Tuesday Blitz"]
[Site "Chess.com"]
[Date "2019.06.04"]
[Round "3"]
[White "SanchezKelvin"]
[Black "51616516516"]
[Result "1/2-1/2"]
[WhiteElo "2453"]
[BlackElo "2328"]
[TimeControl "180+2"]
[EndTime "13:35:21 PDT"]
[Termination "Game drawn by repetition"]

1. d4 Nf6 2. c4 g6 3. Nc3 Bg7 4. e4 d6 5. Nf3 O-O 6. Be2 e5 7.
O-O Nc6 8. d5 Ne7 9. Ne1 Ne8 10.
Nd3 f5 11. Bd2 fxe4 12. Nxe4 Nf5 13. f3 b6 14. b4 Nf6 15. Ndf2 Nd4 16. Nxf6+ Bxf6 17. Ne4 Bg7 18. Bd3 a5 19. a3 axb4 20. axb4 Rxa1 21.
Qxa1 Nb3 22. Qc3 Nxd2 23. Qxd2 Bf5 24. Nf2 Qh4 25. Be4 Bh6 26. Qe1 Bf4 27. g3 Bxg3 28. hxg3 Qxg3+ 29. Kh1 Qh4+ 30. Kg2 Qg5+ 31. Kh1 Qh4+ 32.
Kg2 Qg5+ 33. Kh2 Qh4+ 34. Kg1 Qg3+ 35. Kh1 Qh4+ 1/2-1/2

[Event "*** Titled Tuesday Blitz"]
[Site "Chess.com"]
[Date "2019.06.04"]
[Round "3"]
[White "GMHess"]
[Black "Rish_97"]
[Result "1-0"]
[WhiteElo "2660"]
[BlackElo "2455"]
[TimeControl "180+2"]
[EndTime "13:35:23 PDT"]
[Termination "GMHess won by resignation"]

1. b3 e5 2. Bb2 Nc6 3. e3 Nf6 4. Bb5 Bd6 5. Ne2 O-O 6. Ng3 Re8 7. O-O a6 8. Be2 Bf8 9. f4 d5 10. fxe5 Nxe5 11. Nf5 g6 12. Ng3 Bg7 13. Nc3 h5 14. Na4 h4 15. Nh1 h3 16. g3 Ne4 17. Nf2 b6 18. c4 Nxf2 19. Rxf2 dxc4 20. bxc4 Bb7 21.
d4 Nd7 22. Bf3 Bxf3 23. Qxf3 Qe7 24. Nc3 Nf6 25. e4 Nxe4 26. Nxe4 Qxe4 27. Qxf7+ Kh7 28.
Qd7 Rf8 29. d5 Rg8 30. Qxh3+ Bh6 31. Rf7+ 1-0

[Event "*** Titled Tuesday Blitz"]
[Site "Chess.com"]
[Date "2019.06.04"]
[Round "3"]
[White "m3alam"]
[Black "Thee-Chessboy"]
[Result "0-1"]
[WhiteElo "2352"]
[BlackElo "2426"]
[TimeControl "180+2"]
[EndTime "13:35:25 PDT"]
[Termination "Thee-Chessboy won by resignation"]

1. d4 Nf6 2. c4 g6 3. Nc3 Bg7 4. Nf3 O-O 5. g3 c5 6. Bg2 d5 7. cxd5 Nxd5 8. O-O cxd4 9. Nxd4 Nxc3 10. bxc3 Nd7 11.
Ba3 Re8 12. Qb3 a6 13. Rfd1 Qc7 14. Rab1 Rb8 15. c4 Ne5 16. c5 Bd7 17. Bxb7 Nc6 18. e3 e5 19. Nc2 Bc8 20. Bxc6 Rxb3 21. Bxe8 Rxb1 22. Rxb1 Bf5 23. Ba4 Bf8 24. Rd1 Qa5 0-1

[Event "*** Titled Tuesday Blitz"]
[Site "Chess.com"]
[Date "2019.06.04"]
[Round "3"]
[White "Warre"]
[Black "Astaneh"]
[Result "0-1"]
[WhiteElo "2360"]
[BlackElo "2573"]
[TimeControl "180+2"]
[EndTime "13:35:27 PDT"]
[Termination "Astaneh won by resignation"]

1. d4 Nf6 2. c4 e6 3. Nf3 b6 4.
g3 Bb7 5. Bg2 Be7 6. O-O O-O 7.
Re1 Ne4 8. Qc2 f5 9. Nc3 Nxc3 10. Qxc3 d6 11. b3 Nd7 12. Bb2 Nf6 13. d5 e5 14.
Ng5 Nxd5 15. Bxd5+ Bxd5 16. Nxh7 Kxh7 17. cxd5 Rf7 18.
Rac1 Bg5 19. e3 f4 20. Qd3+ Kg8 21. exf4 exf4 22. Rc4 Qd7 23. Rce4 Raf8 24. R1e2 Qh3 25. Rc2 fxg3 26. hxg3 Bf6 27. Bxf6 Rxf6 28. Rh4 Qf5 29. Qxf5 Rxf5 30. Rxc7 Rxf2 31. Rxa7 R2f5 32. Rg4 Rf1+ 0-1

[Event "*** Titled Tuesday Blitz"]
[Site "Chess.com"]
[Date "2019.06.04"]
[Round "3"]
[White "Gattass"]
[Black "JMatias"]
[Result "0-1"]
[WhiteElo "2350"]
[BlackElo "2428"]
[TimeControl "180+2"]
[EndTime "13:35:27 PDT"]
[Termination "JMatias won by resignation"]

1. e4 c5 2. Nf3 d6 3. d4 cxd4 4. Nxd4 Nf6 5. Nc3 a6 6. f4 e5 7. Nf3 Nbd7 8. Bd3 Be7 9. O-O O-O 10. Kh1 b5 11. f5 b4 12. Ne2 Bb7 13. Ng3 d5 14.
exd5 Bxd5 15. Ng5 Ra7 16. N3e4 Qa8 17. Qe2 a5 18. Be3 Rc7 19. Bg1 h6 20. Nxf6+ Nxf6 21.
Nh3 Rfc8 22. Rfc1 e4 23. Bb5 Bd6 24. Be3 Be5 25. Rab1 h5 26. b3 Ng4 27. Bg1 Rc3 28. Nf2 Ne3 29. Nxe4 Bxe4 30. Bxe3 Rxc2 31. Bd2 Bxg2+ 32. Qxg2 Qxg2+ 33. Kxg2 Rxd2+ 34. Kf3 Rxc1 35. Rxc1 Bc3 36. Rd1 Rxd1 0-1

[Event "*** Titled Tuesday Blitz"]
[Site "Chess.com"]
[Date "2019.06.04"]
[Round "3"]
[White "TheRigos"]
[Black "Krupko_Alexey"]
[Result "1-0"]
[WhiteElo "2413"]
[BlackElo "2293"]
[TimeControl "180+2"]
[EndTime "13:35:27 PDT"]
[Termination "TheRigos won by resignation"]

1. e4 e6 2. d4 d5 3. Nd2 Nf6 4. e5 Nfd7 5. Bd3 c5 6. c3 Nc6 7.
Ne2 cxd4 8. cxd4 f6 9. exf6 Qxf6 10. Nf3 h6 11. O-O Bd6 12. Nc3 O-O 13. Re1 Rf7 14. Bc2 Nf8 15. a3 a6 16. Na4 b5 17.
Nc3 Bd7 18. b4 Rc8 19. Bb2 Be8 20. Ne2 Nd7 21. Ng3 Rf8 22. Qd3 g6 23. Re2 Nb6 24. Rae1 Nd8 25. Ne5 Bxe5 26. dxe5 Qf7 27. Bd4 Nd7 28.
h4 Nc6 29. Bb2 Qg7 30. Re3 Nb6 31. Nh5 gxh5 32. Rg3 Rc7 33. Qh7+ 1-0

[Event "*** Titled Tuesday Blitz"]
[Site "Chess.com"]
[Date "2019.06.04"]
[Round "3"]
[White "BillForster"]
[Black "ZaphenathPaneah"]
[Result "0-1"]
[WhiteElo "1701"]
[BlackElo "1827"]
[TimeControl "180+2"]
[EndTime "13:35:27 PDT"]
[Termination "ZaphenathPaneah won by resignation"]

1. d4 Nf6 2. c4 e6 3. Nc3 Bb4 4. e3 O-O 5. Ne2 b6 6. a3 Be7 7. Ng3 Bb7 8. f3 d5 9. Bd3 Nbd7 10. O-O c5 11. b3 cxd4 12. exd4 dxc4 13. bxc4 Rc8 14.
Bb2 Ba6 15. Nb5 Bxb5 16. cxb5 Nd5 17. Qd2 Bd6 18. Ne2 Qc7 19. g3 Qd8 20. Kg2 Qe7 21. Ng1 Rc7 22. Nh3 h6 23. Nf2 Rfc8 24. Ne4 N7f6 25.
Rae1 Bxa3 26. Nxf6+ Nxf6 27. Bxa3 Qxa3 28. Re5 Qc3 29.
Qe3 Nd5 30. Qe4 Nf6 31. Qe3 Rd8 32. Rc5 Rxc5 33. dxc5 Rxd3 34. Qf4 Qd2+ 35. Rf2 Qxf4 0-1

[Event "*** Titled Tuesday Blitz"]
[Site "Chess.com"]
[Date "2019.06.04"]
[Round "3"]
[White "oogee"]
[Black "Caisachess"]
[Result "1/2-1/2"]
[WhiteElo "2332"]
[BlackElo "2440"]
[TimeControl "180+2"]
[EndTime "13:35:28 PDT"]
[Termination "Game drawn by repetition"]

1. d4 Nf6 2. c4 e6 3. g3 d5 4. Nf3 dxc4 5. Bg2 c5 6. O-O Nc6 7. dxc5 Qxd1 8. Rxd1 Bxc5 9. Nbd2 c3 10. bxc3 O-O 11.
Nb3 Be7 12. c4 Bd7 13. Bf4 Rac8 14. Rab1 b6 15. Bd6 Bxd6 16. Rxd6 Rfd8 17. Rbd1 Be8 18. c5 bxc5 19. Nxc5 Kf8 20. Ng5 Ke7 21. R6d2 h6 22. Nge4 Nxe4 23. Nxe4 Rxd2 24. Rxd2 Rd8 25. Bf3 Rxd2 26.
Nxd2 Nd4 27. e3 Nxf3+ 28. Nxf3 Bc6 29. Nd4 Bd5 30. a3 a5 31. Kf1 Kd6 32. Ke2 Kc5 33.
Kd3 Bc4+ 34. Kc3 Bd5 35. f3 Bb7 36. e4 g5 37. Nb3+ Kb5 38. Nd4+ Kc5 39. Nb3+ Kb5 40. Nd4+ Kc5 1/2-1/2

[Event "*** Titled Tuesday Blitz"]
[Site "Chess.com"]
[Date "2019.06.04"]
[Round "3"]
[White "RojonR"]
[Black "NemtsevIgor"]
[Result "1-0"]
[WhiteElo "2386"]
[BlackElo "2266"]
[TimeControl "180+2"]
[EndTime "13:35:28 PDT"]
[Termination "RojonR won by resignation"]

1. e4 c6 2. d4 d6 3. f4 Nd7 4.
Nf3 h6 5. e5 Nb6 6. c4 g5 7.
fxg5 hxg5 8. Bxg5 dxe5 9. Nxe5 f6 10. Ng6 Rh7 11. Bd3 Rg7 12. Be3 f5 13. Ne5 Nf6 14. O-O Be6 15. Nc3 Qd6 16. b3 O-O-O 17. Bxf5 Bxf5 18. Rxf5 Nbd7 19. Qf3 Nxe5 20. dxe5 Qd3 21. Rd1 Qxc3 22. Rxd8+ Kxd8 23. Bb6+ axb6 24. Qxc3 Ng4 25. Rxf8+ Kd7 26. e6+ Kxe6 27. Qxg7 1-0